 Dungeon Crawl Stone Soup version 0.23.2 (webtiles) character file.

Game seed: 4651196364264224587

879248 Kairos the Conqueror (level 27, -2/298 HPs)
             Began as a Gargoyle Fighter on Apr 6, 2019.
             Was a Believer of Uskayaw.
             Killed from afar by a Brimstone Fiend (43 damage)
             ... with damnation
             ... on level 7 of the Iron City of Dis on Apr 7, 2019.
             The game lasted 03:49:35 (65914 turns).

Kairos the Conqueror (Gargoyle Fighter)            Turns: 65914, Time: 03:49:36

Health: -2/298     AC: 50    Str: 50    XL:     27
Magic:  50/52      EV: 14    Int: 12    God:    Uskayaw [**....]
Gold:   6635       SH: 31    Dex: 12    Spells: 35/58 levels left

rFire    + + +     SeeInvis +   i - +9 war axe of Doom {speed, SInv Stlth+}
rCold    + . .     Gourm    .   U - +0 large shield
rNeg     + + +     Faith    .   b - +8 plate armour of Dishonour {rN+}
rPois    ∞         Spirit   .   J - -2 hat of the Alchemist {rElec rPois rF+ rC+ rN+ MR+ rMut rCorr}
rElec    +         Reflect  .   P - +0 cloak "Asurafof" {*Drain rCorr Str+6 Dex-4}
rCorr    +         Harm     .   V - +2 pair of gloves {Dex+3}
rMut     +         Rnd*Rage +   y - +4 pair of boots "Bivycit" {*Contam rF+ Str+5 Int+2}
MR       +++++                  F - necklace of Bloodlust {*Rage +Rage MR++ Int-3 Slay+6 *Curse}
Stlth    ..........             G - ring "Gagerph" {rN+ Str+2 Int+3 Dex+4}
HPRegen  1.59/turn              K - ring of Mysticism {rN+ MP+9 Slay+2}
MPRegen  0.33/turn

@: berserking, flying, regenerating, very quick
A: big wings, deformed body, fire resistance 1, negative energy resistance 1,
electricity resistance, unbreathing, petrification resistance, rot immunity, AC
+20
}: 7/15 runes: serpentine, barnacled, silver, obsidian, icy, bone, abyssal
a: Stop Flying, Stomp, Line Pass, Renounce Religion, Evoke Berserk Rage


You were on level 7 of the Iron City of Dis.
You worshipped Uskayaw.
Uskayaw was greatly pleased with you.
You were not hungry.

You visited 14 branches of the dungeon, and saw 74 of its levels.
You visited the Abyss 2 times.
You also visited: Ice Cave and Volcano.

You collected 8365 gold pieces.
You spent 1730 gold pieces at shops.

Inventory:

Hand Weapons
 i - the +9 war axe of Doom (weapon) {speed, SInv Stlth+}
   (You took it off a deep elf annihilator on level 3 of the Elven Halls)

   Attacks with this weapon are significantly faster.
   It lets you see invisible.
   It makes you more stealthy.
 n - a +1 demon whip of electrocution
 r - the +10 morningstar "Eos" {elec, Halo rElec}
   (You took it off Antaeus on level 7 of Cocytus)

   Occasionally, upon striking a foe, it will discharge some electrical energy
   and cause terrible harm.
   It insulates you from electricity.
 w - the +5 war axe "Agomeaxziu" {antimagic, rElec Int+3}
   (You found it on level 3 of the Snake Pit)

   It reduces the magical energy of the wielder, and disrupts the spells and
   magical abilities of those hit.
   Natural abilities and divine invocations are not affected.
   It affects your intelligence (+3).
   It insulates you from electricity.
 C - a +9 broad axe of flaming
Armour
 b - the +8 plate armour of Dishonour (worn) {rN+}
   (You found it on level 7 of Tartarus)

   It protects you from negative energy.
 c - a +2 plate armour of fire resistance
 e - a +1 pair of boots of running
 l - the +2 chain mail of Proximity {rElec Int+6 Dex-4}
   (You found it on level 3 of the Depths)

   It affects your intelligence (+6).
   It affects your dexterity (-4).
   It insulates you from electricity.
 y - the +4 pair of boots "Bivycit" (worn) {*Contam rF+ Str+5 Int+2}
   (You found it on level 6 of the Dungeon)

   It affects your strength (+5).
   It affects your intelligence (+2).
   It protects you from fire.
   It causes magical contamination when unequipped.
 J - the -2 hat of the Alchemist (worn) {rElec rPois rF+ rC+ rN+ MR+ rMut rCorr}
   (You found it on level 4 of the Depths)

   It protects you from fire.
   It protects you from cold.
   It insulates you from electricity.
   It protects you from poison.
   It protects you from negative energy.
   It affects your resistance to hostile enchantments.
   It provides partial protection from all sources of acid and corrosion.
   It protects you from mutation.
 P - the +0 cloak "Asurafof" (worn) {*Drain rCorr Str+6 Dex-4}
   (You found it on level 4 of the Depths)

   It affects your strength (+6).
   It affects your dexterity (-4).
   It provides partial protection from all sources of acid and corrosion.
   It causes draining when unequipped.
 U - a +0 large shield (worn)
 V - a +2 pair of gloves of dexterity (worn)
 W - the +18 shield of the Gong {rElec rN+ MR+ EV-5}
   (You took it off Dispater on level 7 of the Iron City of Dis)

   It affects your evasion (-5).
   It insulates you from electricity.
   It protects you from negative energy.
   It affects your resistance to hostile enchantments.
Jewellery
 j - an uncursed ring of resist corrosion
 F - the necklace of Bloodlust (around neck) {*Rage +Rage MR++ Int-3 Slay+6 *Curse}
   (You took it off a deep elf annihilator on level 3 of the Elven Halls)

   [amulet of rage]

   It affects your intelligence (-3).
   It affects your accuracy and damage with ranged weapons and melee attacks
   (+6).
   It affects your resistance to hostile enchantments.
   It lets you go berserk.
   It may make you go berserk in combat.
   It curses itself when equipped.
 G - the ring "Gagerph" (left hand) {rN+ Str+2 Int+3 Dex+4}
   (You found it on level 3 of the Crypt)

   [ring of positive energy]

   It affects your strength (+2).
   It affects your intelligence (+3).
   It affects your dexterity (+4).
   It protects you from negative energy.
 H - the ring "Butuchetemn" {rF+ rC++}
   (You took it off Dispater on level 7 of the Iron City of Dis)

   [ring of protection from fire]

   It protects you from fire.
   It greatly protects you from cold.
 K - the ring of Mysticism (right hand) {rN+ MP+9 Slay+2}
   (You found it on level 4 of the Lair of Beasts)

   [ring of positive energy]

   It affects your accuracy and damage with ranged weapons and melee attacks
   (+2).
   It protects you from negative energy.
   It affects your magic capacity (+9).
 Q - the ring of Fyqez {Wiz rElec rC+}
   (You found it on level 3 of the Snake Pit)

   [ring of wizardry]

   It improves your spell success rate.
   It protects you from cold.
   It insulates you from electricity.
 Y - a +4 amulet of reflection
Wands
 p - a wand of paralysis (7)
 s - a wand of clouds (10)
 E - a wand of scattershot (15)
 R - a wand of digging (32)
Scrolls
 g - 7 scrolls of fear
 m - 12 scrolls of magic mapping
 o - 16 scrolls of teleportation
 q - 2 scrolls of summoning
 u - 2 scrolls of brand weapon
 v - 35 scrolls of remove curse
 x - 3 scrolls of fog
 D - 6 scrolls of enchant armour
 I - 9 scrolls of immolation
 N - 5 scrolls of blinking
 S - 5 scrolls of silence
 X - a scroll of identify
 Z - 4 scrolls of holy word
Potions
 d - 6 potions of might
 h - 3 potions of haste
 k - 6 potions of invisibility
 t - 10 potions of lignification
 z - 8 potions of agility
 A - 17 potions of curing
 B - 4 potions of berserk rage
 L - 5 potions of brilliance
 M - 3 potions of cancellation
 O - 4 potions of resistance
 T - 4 potions of magic
Miscellaneous
 a - 2 phantom mirrors
Comestibles
 f - 20 rations


   Skills:
 O Level 27 Fighting
 - Level 17.8(18.0) Axes
 - Level 4.4(13.6) Maces & Flails
 + Level 16.4 Armour
 + Level 8.9 Dodging
 + Level 11.3 Stealth
 - Level 25.0 Shields
 * Level 16.3 Spellcasting
 - Level 7.2 Conjurations
 - Level 6.7 Hexes
 - Level 7.3 Charms
 - Level 14.4 Summonings
 - Level 6.3 Necromancy
 * Level 1.9 Translocations
 - Level 5.0 Air Magic
 - Level 6.2 Poison Magic
 * Level 22.8 Invocations
 + Level 3.9 Evocations


You had 35 spell levels left.
You knew the following spells:

 Your Spells              Type           Power        Failure   Level  Hunger
a - Regeneration          Chrm/Necr      ####......   3%          3    None
b - Spectral Weapon       Hex/Chrm       ####....     2%          3    None
c - Mephitic Cloud        Conj/Pois/Air  ###.....     4%          3    None
d - Aura of Abjuration    Summ           #####.....   1%          5    #####..
e - Swiftness             Chrm/Air       ###.....     1%          2    None
f - Summon Mana Viper     Hex/Summ       #####...     6%          5    #####..
g - Blink                 Tloc           N/A          12%         2    None

Your spell library contained the following spells:

 Spells                   Type           Power        Failure   Level  Hunger
 Animate Skeleton         Necr           N/A          1%          1    None
 Confusing Touch          Hex            ####..       1%          1    None
 Corona                   Hex            ####...      1%          1    None
 Infusion                 Chrm           ####         1%          1    None
 Magic Dart               Conj           ####         1%          1    None
 Pain                     Necr           ####         1%          1    None
 Shock                    Conj/Air       ###.         1%          1    None
 Sting                    Conj/Pois      ####         1%          1    None
 Summon Butterflies       Summ           #####...     1%          1    None
 Summon Small Mammal      Summ           ####         1%          1    None
 Call Imp                 Summ           #####...     1%          2    None
 Corpse Rot               Necr           N/A          1%          2    None
 Slow                     Hex            ####....     1%          2    None
 Song of Slaying          Chrm           ####....     1%          2    None
 Call Canine Familiar     Summ           #####...     1%          3    None
 Recall                   Summ/Tloc      N/A          1%          3    None
 Summon Demon             Summ           #####.....   1%          5    #####..
 Poisonous Vapours        Pois/Air       ###...       2%          2    None
 Shroud of Golubria       Chrm/Tloc      ###.......   3%          2    None
 Confuse                  Hex            ####....     3%          3    None
 Vampiric Draining        Necr           ####......   3%          3    None
 Static Discharge         Conj/Air       ###.....     4%          3    None
 Ensorcelled Hibernation  Hex/Ice        ###...       6%          2    None
 Throw Frost              Conj/Ice       ###...       6%          2    None
 Shadow Creatures         Summ           N/A          7%          6    ######.
 Portal Projectile        Hex/Tloc       ###...       9%          3    None
 Summon Ice Beast         Ice/Summ       ####....     9%          4    ##.....
 Ozocubu's Armour         Chrm/Ice       ###.....     11%         3    None
 Cause Fear               Hex            ####......   11%         4    ##.....
 Conjure Flame            Conj/Fire      ###.....     12%         3    None
 Stone Arrow              Conj/Erth      ###...       12%         3    None
 Animate Dead             Necr           N/A          12%         4    ##.....
 Inner Flame              Hex/Fire       ###.....     13%         3    None
 Olgreb's Toxic Radiance  Pois           ###.....     13%         4    ##.....
 Spider Form              Tmut/Pois      ###.......   14%         3    None
 Summon Forest            Summ/Tloc      ####......   16%         5    #####..
 Beastly Appendage        Tmut           #.....       17%         1    None
 Freeze                   Ice            #...         17%         1    None
 Sandblast                Erth           #.....       17%         1    None
 Gell's Gravitas          Tloc           ##........   22%         3    None
 Ignite Poison            Fire/Tmut/Pois ##......     22%         3    None
 Airstrike                Air            ###.......   22%         4    ##.....
 Passwall                 Tmut/Erth      #.......     26%         2    None
 Sticks to Snakes         Tmut           #.......     26%         2    None
 Force Lance              Conj/Tloc      ###.....     26%         4    ##.....
 Bolt of Draining         Conj/Necr      ####......   28%         5    #####..
 Excruciating Wounds      Chrm/Necr      ####......   28%         5    #####..
 Venom Bolt               Conj/Pois      ####......   28%         5    #####..
 Agony                    Necr           ####....     34%         5    #####..
 Dispel Undead            Necr           ####....     34%         5    #####..
 Sticky Flame             Conj/Fire      ###.....     36%         4    ##.....
 Throw Icicle             Conj/Ice       ###.....     36%         4    ##.....
 Lightning Bolt           Conj/Air       ###.......   36%         5    #####..
 Summon Hydra             Summ           #####.....   36%         7    #######
 Leda's Liquefaction      Hex/Erth       ###.......   38%         4    ##.....
 Silence                  Hex/Air        ###.......   38%         5    #####..
 Passage of Golubria      Tloc           N/A          58%         4    ##.....
 Irradiate                Conj/Tmut      ###.......   71%         5    #####..
 Metabolic Englaciation   Hex/Ice        ###.......   75%         5    #####..
 Yara's Violent Unravell  Hex/Tmut       ###.......   75%         5    #####..
 Borgnjor's Vile Clutch   Necr/Erth      ###.......   77%         5    #####..
 Alistair's Intoxication  Tmut/Pois      ###.....     78%         5    #####..
 Darkness                 Hex            ####......   85%         6    ######.
 Invisibility             Hex            ####....     85%         6    ######.
 Ice Form                 Ice/Tmut       #.......     86%         4    ##.....
 Petrify                  Tmut/Erth      #.......     86%         4    ##.....
 Bolt of Magma            Conj/Fire/Erth ###.......   87%         5    #####..
 Haunt                    Necr/Summ      ####......   90%         7    #######
 Conjure Ball Lightning   Conj/Air       ###.......   91%         6    ######.
 Blade Hands              Tmut           #.........   99%         5    #####..
 Lee's Rapid Deconstruct  Erth           #.........   99%         5    #####..
 Freezing Cloud           Conj/Ice/Air   ###.......   99%         6    ######.
 Dispersal                Tloc           ##........   100%        6    ######.
 Ring of Flames           Chrm/Fire      ###.......   100%        7    #######
 Borgnjor's Revivificati  Necr           ####......   100%        8    #######
 Controlled Blink         Tloc           N/A          100%        8    #######
 Death's Door             Chrm/Necr      ####......   100%        8    #######
 Disjunction              Tloc           ##........   100%        8    #######
 Ignition                 Fire           #.........   100%        8    #######
 Infestation              Necr           ####......   100%        8    #######
 Necromutation            Tmut/Necr      ###.......   100%        8    #######
 Shatter                  Erth           #.........   100%        9    #######
 Tornado                  Air            ###.......   100%        9    #######
 Sublimation of Blood     Necr           Unusable     N/A         2    N/A

Dungeon Overview and Level Annotations

Branches:
Dungeon (15/15)            Temple (0/1) D:6            Lair (6/6) D:11
 Shoals (4/4) Lair:2        Snake (4/4) Lair:4        Slime (0/5) Lair:5
    Orc (2/2) D:12            Elf (3/3) Orc:2        Vaults (5/5) D:13
  Crypt (3/3) Vaults:2       Tomb (0/3) Crypt:3      Depths (5/5) D:15
   Hell (1/1)                 Dis (7/7) Hell            Geh (7/7) Hell
    Coc (7/7) Hell            Tar (7/7) Hell            Zot (0/5) Depths:5

Altars:
Ashenzari
Dithmenos
Elyvilon
Hepliaklqana
Makhleb
Nemelex Xobeh
Okawaru
Qazlal
Sif Muna
Uskayaw
Wu Jian
Zin
Beogh
Jiyva

Shops:
D:4 [*   Orc:1 =   Orc:2 ?*[[*(}   Elf:3 (   Vaults:5 }   Depths:1 *[}(

Portals:
Hell: Depths:1 Depths:2 Depths:4 Depths:5
Abyss: Depths:3 Depths:4
Pandemonium: Depths:2 Depths:3 Depths:4
Ziggurat: Depths:2
Trove: Elf:1 (show slimy rune of Zot)

Annotations:
D:14 1 runed translucent door
Lair:2 exclusion: 5 oklob plants
Lair:3 exclusion: oklob plant
Lair:4 exclusion: oklob plant
Coc:7 exclusion: ice statue


Innate Abilities, Weirdness & Mutations

You are resistant to torment.
Your stone body is resilient. (AC +20)
You are immune to poison.
Your large and strong wings let you fly indefinitely.
You resist negative energy. (rN+)
You are resistant to electric shocks. (rElec)
You can survive without breathing.
You are immune to petrification.
You are immune to rotting.
Armour fits poorly on your strangely shaped body.
Your flesh is heat resistant. (rF+)


Message History

The Brimstone Fiend completely resists.
The Brimstone Fiend calls on the powers of darkness!
Your body is wracked with pain!
You completely miss the Brimstone Fiend.
The Brimstone Fiend is severely wounded.
You hit the Hell Sentinel.
You block the Hell Sentinel's attack. x2
The Brimstone Fiend gestures at you.
The sphere of damnation explodes!
The damnation engulfs you!!!
* * * LOW HITPOINT WARNING * * *
The damnation engulfs the Hell Sentinel.
The Hell Sentinel completely resists.
The damnation engulfs the Brimstone Fiend.
The Brimstone Fiend completely resists.
Okay, then.
A red film seems to cover your vision as you go berserk!
You feel yourself moving faster!
You feel mighty!
You feel quite a bit more hungry.
You block the Hell Sentinel's attack. x2
The Brimstone Fiend gestures at you.
The sphere of damnation explodes!
The damnation engulfs you!!!
You die...

,,,,****,,,........####....#.....
,,,,*,,',,******#./'..#....######
,,,,*,,*,,*,,,,,#..#..#....#.....
,,,,*,,*,,*,,,,,#..#..#....######
,,,,*,,*,,*,,,,,#..#..#....#,,,,#
,,,,*,,*,,*,,,,,#..#..#....#,,,,#
,,,,*,,*,,*,,,,,#..#..#....#,,,,+
,,,,*,,*,.###'###..#).#....#,,,,#
,,,,*,,*,......1@..#..#....######
,,,,*,,*,.......1..#..#....#.....
,,,,*,,**##.....####..#....##+###
,,,,*,,,,,#.....#.....#....#,,,,#
,,,,*,,,,.#######.....#....#,,,,#
,,,,****,..........####....#,,,,#
,,,,,,,*,..........#.......#****#
,,,,,,,**#.......###.......#****#
,,,,,,,*,..........#.......#,,,,,


You could see a Hell Sentinel and a Brimstone Fiend.

Vanquished Creatures
  Antaeus (Coc:7)
  Asmodeus (Geh:7)
  Ereshkigal (Tar:7)
  the Serpent of Hell (Geh:7)
  Dispater (Dis:7)
  An ancient lich (Crypt:3)
  Mara (Depths:1)
  Mennas (Vaults:2)
  2 juggernauts (Depths:4)
  Boris (twice) (Crypt:1 Crypt:2)
  Frederick (Crypt:3)
  5 shard shrikes
  A caustic shrike (Depths:4)
  Geryon (Hell)
  Saint Roka (Snake:2)
  Jory (Vaults:5)
  8 golden dragons
  A profane servitor (Abyss:3)
  the Enchantress (Depths:1)
  Nikola (Shoals:1)
  7 iron giants
  25 Tzitzimimeh
  11 bone dragons
  13 Brimstone Fiends
  6 doom hounds
  A shard shrike zombie (Crypt:3)
  Jorgrun (Snake:2)
  A tentacled monstrosity (Depths:4)
  5 Hell Sentinels
  The ghost of dengdeng the Executioner, an adept MiBe of Trog (Snake:4)
  A shard shrike skeleton (Crypt:2)
  10 Ice Fiends
  9 liches
  8 titans
  7 quicksilver dragons
  A deep elf blademaster (Elf:3)
  2 tentacled starspawn
  A deep elf master archer (Elf:3)
  20 ancient champions
  6 sphinxes
  Polyphemus (Shoals:4)
  2 krakens
  2 Executioners
  13 shadow dragons
  Gastronok (D:8)
  A shadow dragon (shapeshifter) (Vaults:5)
  Kirke (Snake:2)
  A daeva (D:14)
  3 storm dragons
  4 revenants
  11 nagarajas
  13 fire giants
  6 tengu reavers
  An azure jelly (shapeshifter) (Depths:4)
  9 iron dragons
  12 frost giants
  6 deep elf sorcerers
  9 ghouls
  2 orc warlords
  14 vault wardens
  A draconian knight (Depths:5)
  3 cacodemons (Dis:7)
  Aizul (Vaults:2)
  11 balrugs
  A draconian scorcher (Depths:5)
  8 deep elf elementalists
  A curse skull (Crypt:2)
  14 ironheart preservers
  24 stone giants
  A juggernaut zombie (Crypt:2)
  53 reapers
  4 spriggan defenders
  4 elemental wellsprings (Coc:7)
  4 war gargoyles
  The ghost of grocchini the Peltast, an adept VSFi of Uskayaw (Elf:2)
  An entropy weaver (Vaults:5)
  9 vampire knights
  30 very ugly things
  6 caustic shrike skeletons (Crypt:3)
  A black draconian (Depths:5)
  3 deep elf demonologists
  7 deep elf annihilators
  3 lorocyprocas (Hell)
  Nessos (D:12)
  The ghost of Qoypruj the Cruncher, a journeyman MiGl of the Shining One (Lair:5)
  A purple draconian (Abyss:3)
  A spark wasp (shapeshifter) (Vaults:4)
  4 dire elephants (Lair:6)
  A yellow draconian (Depths:5)
  14 ettins
  A spark wasp (Depths:4)
  2 red draconians (Depths:5)
  Snorg (Orc:1)
  A green death (Dis:4)
  9 deep elf death magi
  Josephine (Lair:5)
  An eidolon (Crypt:1)
  11 blizzard demons
  11 merfolk impalers
  4 deep elf high priests
  18 yaktaur captains
  8 jiangshi
  2 death oozes (Lair:5)
  4 quicksilver dragon zombies
  A kraken zombie (Coc:2)
  14 fire dragons
  6 rakshasas
  38 vault guards
  10 great orbs of eyes
  24 ice dragons
  2 hell beasts
  4 quicksilver dragon skeletons
  5 spriggan air magi
  10 centaur warriors
  12 hydras
  4 merfolk avatars
  A ghost crab (Tar:4)
  Erica (Orc:1)
  11 anacondas
  11 naga warriors
  6 merfolk aquamancers
  4 death knights (Vaults:2)
  2 satyrs
  25 two-headed ogres
  3 catoblepae
  An anaconda (shapeshifter) (Depths:5)
  8 deep troll shamans
  A tengu warrior (Depths:4)
  21 dancing weapons
  9 deep troll earth magi
  7 naga sharpshooters (Snake:4)
  2 death yaks (Shoals:4)
  6 ogre magi
  17 hell hogs
  A thrashing horror (Abyss:3)
  7 vampire magi
  An orc high priest (Orc:2)
  5 shock serpents
  3 spriggan berserkers (Depths:4)
  32 hell knights
  3 titan zombies
  31 deep elf knights
  9 iron golems
  6 titan skeletons
  17 sun demons
  A salamander mystic (Snake:3)
  A sixfirhy (Depths:3)
  16 soul eaters
  A wretched star (Abyss:3)
  2 storm dragon zombies (Geh:7)
  28 iron trolls
  2 unseen horrors
  8 anaconda zombies
  A deep troll (shapeshifter) (Depths:3)
  130 skeletal warriors
  A fire crab (shapeshifter) (Vaults:2)
  3 storm dragon skeletons
  3 shadow wraiths
  2 death drakes
  3 golden dragon zombies
  A sea snake (shapeshifter) (Depths:4)
  41 deep trolls
  6 shadow dragon zombies
  A gelid demonspawn (Depths:3)
  25 shadow demons
  5 wizards
  2 glowing orange brains (Depths:5)
  A glowing orange brain (shapeshifter) (D:15)
  17 deep elf archers
  2 ghost moth zombies
  22 sea snakes
  20 phantasmal warriors
  3 starcursed masses (Abyss:3)
  2 golden dragon skeletons
  13 flayed ghosts
  A kraken simulacrum (Coc:7)
  3 naga ritualists
  2 anaconda skeletons
  13 ironbrand convokers
  12 orc knights
  23 harpies
  2 lindwurms
  An orange crystal statue (Depths:2)
  7 stone giant zombies
  An orb spider (shapeshifter) (Vaults:3)
  3 wolf spider zombies
  5 shadow dragon skeletons
  13 necromancers
  5 iron dragon zombies
  89 deep elf magi
  4 frost giant zombies
  8 cyclopes
  4 wolf spiders
  62 ugly things
  5 orc sorcerers
  7 fire giant zombies
  7 mana vipers
  16 fauns
  9 salamanders
  26 manticores
  A worldbinder (Abyss:4)
  7 iron dragon skeletons
  10 vault sentinels
  2 cyclopes (shapeshifter)
  32 black mambas
  4 frost giant skeletons
  7 merfolk sirens
  12 elephants
  5 fire giant skeletons
  2 shock serpent zombies
  12 water nymphs
  15 spiny frogs
  7 dire elephant zombies
  3 centaur skeletons
  An elephant (shapeshifter) (Depths:5)
  5 guardian serpents (Snake:4)
  3 ice statues
  Psyche (D:8)
  9 stone giant skeletons
  11 molten gargoyles
  A torpor snail (Lair:2)
  28 rust devils
  9 smoke demons
  3 spectral swamp worms (Tar:7)
  2 orange demons
  9 naga magi
  A gargoyle (Abyss:4)
  A spiny frog (shapeshifter) (Depths:5)
  26 hellions
  4 rime drakes
  A shock serpent skeleton (Crypt:1)
  A purple draconian zombie (Geh:2)
  3 emperor scorpion zombies
  3 dire elephant skeletons
  3 anaconda simulacra
  A catoblepas zombie (Dis:4)
  24 freezing wraiths
  8 komodo dragons
  58 yaktaurs
  A redback zombie (Crypt:3)
  A kobold demonologist (D:14)
  An efreet (Geh:6)
  4 catoblepas skeletons (Abyss:4)
  An ancient zyme (Abyss:3)
  2 hellwings
  30 ice devils
  3 meliai (D:13)
  A minotaur skeleton (Crypt:3)
  4 tengu conjurers
  2 queen bees
  A queen ant zombie (Crypt:1)
  A meliai (shapeshifter) (Depths:1)
  30 tormentors
  16 red devils
  A polar bear (Lair:6)
  A silent spectre (Tar:4)
  8 harpy zombies
  Grinder (D:4)
  4 hornets
  12 trolls
  A troll (shapeshifter) (Elf:2)
  2 polar bears (shapeshifter)
  39 merfolk
  10 hydra zombies
  A shadow dragon simulacrum (Tar:4)
  A tengu simulacrum (Vaults:3)
  A wolf spider simulacrum (Coc:7)
  3 raiju (Abyss:4)
  Prince Ribbit (D:5)
  10 hippogriffs
  4 alligator zombies
  9 ettin zombies
  A jumping spider (shapeshifter) (Vaults:3)
  A dream sheep (shapeshifter) (Vaults:5)
  3 harpy skeletons
  8 large abominations
  A satyr zombie (Crypt:2)
  A raiju (shapeshifter) (Elf:2)
  24 slime creatures
  5 fire dragon zombies
  7 blink frogs
  A hydra skeleton (Coc:7)
  5 wind drakes
  A slime creature (shapeshifter) (Vaults:5)
  8 bog bodies
  9 snapping turtles
  6 ice dragon zombies
  2 frost giant simulacra
  2 black mamba zombies
  3 spectral black mambas (Snake:4)
  A fire giant simulacrum (Depths:3)
  2 tarantellas (shapeshifter)
  6 fire dragon skeletons
  A spriggan (shapeshifter) (Depths:3)
  34 wraiths
  40 flying skulls
  2 ettin skeletons
  2 redbacks (Vaults:5)
  4 spriggans (Depths:1)
  20 shadows
  30 water elementals
  3 air elementals
  4 ice dragon skeletons
  3 elf zombies
  4 wyverns
  An alligator skeleton (Hell)
  61 yaks
  A ynoxinul (Abyss:3)
  A fire bat (Volcano)
  A spectral salamander (Snake:4)
  8 basilisks
  2 neqoxecs (Depths:2)
  2 hogs (shapeshifter)
  3 black mamba skeletons
  A yaktaur simulacrum (Vaults:2)
  3 chaos spawn
  23 fire elementals
  5 hogs (Snake:2)
  3 hungry ghosts
  A human simulacrum (Vaults:3)
  2 harpy simulacra (Hell)
  10 vampire mosquitoes
  Edmund (D:4)
  36 nagas
  A soldier ant (D:11)
  2 wargs
  2 insubstantial wisps (Abyss:3)
  An acid dragon (D:11)
  9 porcupines
  56 hell hounds
  A hydra simulacrum (Crypt:1)
  12 water moccasins
  2 floating eyes (Depths:4)
  A black bear (D:8)
  11 spiny frog zombies
  34 orc warriors
  3 spectral nagas (Snake:4)
  2 sky beasts
  3 spiny frog skeletons
  16 ice beasts
  A swamp dragon zombie (Crypt:1)
  A guardian serpent simulacrum (Snake:4)
  9 phantoms
  6 snapping turtle zombies
  19 ogres
  29 centaurs
  3 ettin simulacra
  7 boggarts
  12 wolves
  18 necrophages
  A snapping turtle skeleton (Crypt:3)
  5 manticore skeletons
  13 crocodiles
  A komodo dragon zombie (Crypt:2)
  15 bullfrogs
  A hippogriff zombie (Crypt:2)
  3 big kobolds
  Blork the orc (D:4)
  12 earth elementals
  A gnoll sergeant (D:9)
  An elf skeleton (Tar:7)
  A cyclops zombie (Crypt:3)
  A spiny frog simulacrum (Hell)
  2 wyvern zombies (D:11)
  2 wyvern skeletons
  6 scorpions
  A snapping turtle simulacrum (Crypt:1)
  78 wights
  48 killer bees
  4 howler monkeys
  A troll skeleton (Tar:1)
  6 lava snakes (Volcano)
  A centaur zombie (Geh:7)
  7 small abominations
  4 bullfrog zombies
  15 crimson imps
  A human zombie (Dis:3)
  6 hounds
  A quasit (Depths:2)
  Crazy Yiuf (D:6)
  16 jellies
  22 orc wizards
  3 bullfrog skeletons
  15 orc priests
  32 iron imps
  2 iguanas
  A basilisk skeleton (Crypt:1)
  2 human skeletons
  Ijyb (D:3)
  5 hell rats (Hell)
  9 worker ants
  A killer bee zombie (Crypt:1)
  A naga simulacrum (Snake:4)
  A demigod zombie (Crypt:2)
  3 ogre zombies
  A sky beast zombie (Crypt:3)
  An ogre skeleton (Coc:6)
  A tengu skeleton (Coc:7)
  2 hound skeletons
  6 mummies
  2 howler monkey zombies
  A howler monkey skeleton (D:8)
  A worker ant zombie (D:7)
  Robin (D:2)
  16 adders
  6 gnolls
  16 shadow imps
  6 white imps
  3 ufetubi
  2 oozes
  An adder zombie (D:5)
  An adder skeleton (D:7)
  3 worms
  3 dart slugs
  5 leopard geckos
  87 orcs
  3 giant cockroaches
  19 goblins
  10 hobgoblins
  14 jackals
  6 quokkas
  A river rat skeleton (Crypt:1)
  4 bats
  15 frilled lizards
  A frilled lizard skeleton (Crypt:1)
  26 kobolds
  A kobold skeleton (Crypt:2)
  A kobold zombie (Tar:7)
  An orc skeleton (Crypt:3)
  A quokka skeleton (D:5)
  A quokka zombie (D:5)
  8 rats
  2 crawling corpses (Vaults:5)
  9 fungi
  15 plants
  2 starspawn tentacles
  7 tentacles
3519 creatures vanquished.

Vanquished Creatures (collateral kills)
  A deep elf sorcerer (Elf:3)
1 creature vanquished.

Vanquished Creatures (others)
  A deep elf master archer (Elf:3)
  3 eldritch tentacles
  A deep elf sorcerer (Elf:3)
  A deep elf annihilator (Elf:3)
  3 merfolk javelineers (Shoals:4)
  3 satyrs
  A sun demon (Depths:3)
  3 deep elf archers (Elf:2)
  A harpy (Shoals:1)
  3 deep elf magi
  A necromancer (Hell)
  A fire giant zombie (Geh:2)
  2 fauns (Shoals:1)
  An ugly thing (IceCv)
  A manticore (Shoals:1)
  A black mamba (Snake:2)
  2 hellions
  A catoblepas skeleton (Abyss:4)
  A merfolk (Shoals:2)
  A raiju (Abyss:4)
  A flying skull (Geh:1)
  An orc warrior (Orc:2)
  3 centaurs
  3 wights
  A crimson imp (Geh:7)
  3 orcs
  A kobold skeleton (Geh:7)
  A crawling corpse (Vaults:5)
  5 fungi
  A lurking horror (Abyss:3)
  7 plants
  A spectral weapon (Depths:4)
  3 starspawn tentacles
  13 tentacles
76 creatures vanquished.

Grand Total: 3596 creatures vanquished

Notes
Turn   | Place    | Note
-------+----------+-------------------------------------------
     0 | D:1      | Kairos the Gargoyle Fighter began the quest for the Orb.
     0 | D:1      | Reached XP level 1. HP: 14/14 MP: 1/1
    93 | D:1      | Reached XP level 2. HP: 19/19 MP: 2/2
   394 | D:1      | Reached XP level 3. HP: 24/24 MP: 3/3
   910 | D:2      | Noticed Robin
   943 | D:2      | Reached XP level 4. HP: 26/29 MP: 4/4
   950 | D:2      | Killed Robin
  1110 | D:2      | Reached skill level 4 in Fighting
  1143 | D:2      | Reached XP level 5. HP: 21/33 MP: 5/5
  1642 | D:3      | Identified a +1 pair of boots of running (You found it on
                  | level 3 of the Dungeon)
  1652 | D:3      | Noticed a centaur
  1652 | D:3      | Noticed Ijyb
  2106 | D:3      | Reached skill level 1 in Stealth
  2148 | D:3      | Killed a centaur
  2148 | D:3      | Reached XP level 6. HP: 10/38 MP: 6/6
  2706 | D:3      | Killed Ijyb
  2706 | D:3      | Reached skill level 1 in Dodging
  2725 | D:3      | Found a hide-covered altar of Uskayaw.
  2725 | D:3      | Found a shadowy altar of Dithmenos.
  2786 | D:3      | Became a worshipper of Uskayaw the Reveler
  2876 | D:4      | Noticed Blork the orc
  2883 | D:4      | Reached * piety under Uskayaw
  2884 | D:4      | Reached ** piety under Uskayaw
  2891 | D:4      | Killed Blork the orc
  2892 | D:4      | Reached *** piety under Uskayaw
  2899 | D:4      | Found a stormy altar of Qazlal.
  2955 | D:4      | Found an iron altar of Okawaru.
  2958 | D:4      | Reached skill level 5 in Shields
  2986 | D:4      | Noticed Edmund
  3002 | D:4      | Killed Edmund
  3002 | D:4      | Reached skill level 1 in Axes
  3002 | D:4      | Reached XP level 7. HP: 33/44 MP: 7/7
  3059 | D:4      | Found Juysiodd's Antique Armour Shop.
  3286 | D:4      | Found Zin's Purification Station.
  3288 | D:4      | Found a glowing silver altar of Zin.
  3551 | D:4      | Noticed Grinder
  3556 | D:4      | Paralysed by Grinder for 5 turns
  3594 | D:4      | Killed Grinder
  3724 | D:5      | Entered Level 5 of the Dungeon
  3809 | D:5      | Reached XP level 8. HP: 39/48 MP: 8/8
  3959 | D:5      | Reached skill level 5 in Fighting
  4062 | D:5      | Reached skill level 5 in Armour
  4099 | D:5      | Noticed Prince Ribbit
  4282 | D:5      | Killed Prince Ribbit
  4282 | D:5      | Reached skill level 5 in Axes
  4559 | D:6      | Reached **** piety under Uskayaw
  4599 | D:6      | Got a pair of steaming boots
  4636 | D:6      | Identified the +4 pair of boots "Bivycit" {*Contam rF+
                  | Str+5 Int+2} (You found it on level 6 of the Dungeon)
  4643 | D:6      | Found a staircase to the Ecumenical Temple.
  4651 | D:6      | Reached XP level 9. HP: 47/54 MP: 9/9
  4900 | D:6      | Found a runed translucent door.
  4901 | D:6      | Noticed Crazy Yiuf
  5216 | D:6      | Killed Crazy Yiuf
  5321 | D:7      | Found a hazy altar of Hepliaklqana.
  5561 | D:7      | Found a sparkling altar of Nemelex Xobeh.
  5785 | D:8      | Noticed Psyche
  5799 | D:8      | Killed Psyche
  5799 | D:8      | Reached skill level 6 in Fighting
  5805 | D:8      | Reached ***** piety under Uskayaw
  5991 | D:8      | Reached XP level 10. HP: 28/61 MP: 10/10
  6052 | D:8      | Noticed Gastronok
  6084 | D:8      | Killed Gastronok
  6210 | D:8      | Reached skill level 5 in Stealth
  6243 | D:8      | Found an ornate altar of the Wu Jian Council.
  6445 | D:9      | Reached ****** piety under Uskayaw
  6613 | D:9      | Reached skill level 1 in Evocations
  6615 | D:9      | Reached skill level 7 in Fighting
  6805 | D:9      | Noticed a two-headed ogre
  6817 | D:9      | Killed a two-headed ogre
  6817 | D:9      | Reached XP level 11. HP: 9/67 MP: 12/12
  7546 | D:10     | Entered Level 10 of the Dungeon
  7599 | D:10     | Noticed a centaur warrior
  7612 | D:10     | Killed a centaur warrior
  8395 | D:11     | Noticed an eight-headed hydra
  8404 | D:11     | Killed a four-headed hydra
  8432 | D:11     | Reached skill level 10 in Axes
  8680 | D:11     | Reached skill level 8 in Fighting
  8686 | D:11     | Noticed a brown ugly thing
  8708 | D:11     | Killed a brown ugly thing
  8785 | D:11     | Found a staircase to the Lair.
  8804 | D:11     | Found a burning altar of Makhleb.
  8804 | D:11     | Noticed a cacodemon
  8884 | D:11     | Noticed a fire dragon
  8895 | D:11     | Killed a fire dragon
  8897 | D:11     | Noticed a cyclops
  8906 | D:11     | Reached XP level 12. HP: 56/75 MP: 13/13
  9859 | Lair:1   | Entered Level 1 of the Lair of Beasts
 10204 | Lair:1   | Learned a level 3 spell: Regeneration
 10223 | Lair:1   | Reached skill level 9 in Fighting
 10572 | Lair:2   | Reached skill level 10 in Shields
 10579 | Lair:2   | Reached skill level 1 in Invocations
 11269 | Lair:2   | Found a staircase to the Shoals.
 11617 | Lair:2   | Reached XP level 13. HP: 80/80 MP: 15/15
 12821 | Lair:4   | Found a dark tunnel.
 12870 | Volcano  | Entered a volcano
 13095 | Volcano  | Found a bloodstained altar of Trog.
 13687 | Lair:4   | Reached skill level 5 in Invocations
 13693 | Lair:4   | Found a staircase to the Snake Pit.
 14381 | Lair:4   | Got a faintly glowing jade ring
 14386 | Lair:4   | Identified the ring of Mysticism {rN+ MP+9 Slay+2} (You
                  | found it on level 4 of the Lair of Beasts)
 14516 | Lair:5   | Found a frozen archway.
 14574 | Lair:5   | Noticed Josephine
 14594 | Lair:5   | Killed Josephine
 14599 | Lair:5   | Reached skill level 10 in Fighting
 14675 | Lair:5   | Gained mutation: Your large and strong wings let you fly
                  | indefinitely. [Gargoyle growth]
 14675 | Lair:5   | Reached XP level 14. HP: 79/88 MP: 18/18
 14788 | Lair:5   | Found a runed translucent gate.
 14788 | Lair:5   | Found a runed translucent gate.
 14788 | Lair:5   | Found a runed translucent gate.
 14790 | Lair:5   | Found a viscous altar of Jiyva.
 14790 | Lair:5   | Noticed Qoypruj's ghost (journeyman MiGl)
 14801 | Lair:5   | Reached skill level 10 in Stealth
 14824 | Lair:5   | Killed Qoypruj's ghost
 14832 | Lair:5   | Identified the Papyrus of the New World
 14880 | IceCv    | Entered an ice cave
 14891 | IceCv    | Found a transporter.
 14905 | IceCv    | Found a transporter.
 15427 | IceCv    | Got a steaming mace
 15432 | IceCv    | Identified the +5 mace of Gozag's Pride {freeze, +Inv rElec
                  | rN++ Dex-4 SInv} (You found it in an ice cave)
 15803 | Lair:5   | Found a staircase to the Slime Pits.
 15962 | Lair:6   | Entered Level 6 of the Lair of Beasts
 16981 | Lair:6   | Noticed a dire elephant
 16981 | Lair:6   | Noticed a dire elephant
 16992 | Lair:6   | Killed a dire elephant
 17000 | Lair:6   | Killed a dire elephant
 17069 | Lair:6   | Noticed a dire elephant
 17070 | Lair:6   | Noticed a dire elephant
 17079 | Lair:6   | Killed a dire elephant
 17085 | Lair:6   | Killed a dire elephant
 17168 | Snake:1  | Entered Level 1 of the Snake Pit
 17337 | Snake:1  | Reached XP level 15. HP: 69/93 MP: 21/21
 17482 | Snake:1  | Reached skill level 11 in Fighting
 17964 | Snake:1  | Gained mutation: You have a pair of small horns on your
                  | head. [potion of mutation]
 17964 | Snake:1  | Gained mutation: You are partially covered in iridescent
                  | scales. (AC +2) [potion of mutation]
 17964 | Snake:1  | Gained mutation: Scrolls take you a little longer to read.
                  | [potion of mutation]
 17964 | Snake:1  | Gained mutation: You have a pair of horns on your head.
                  | [potion of mutation]
 17965 | Snake:1  | Lost mutation: You have a pair of horns on your head.
                  | [potion of mutation]
 17965 | Snake:1  | Lost mutation: You have a pair of small horns on your head.
                  | [potion of mutation]
 17965 | Snake:1  | Lost mutation: Scrolls take you a little longer to read.
                  | [potion of mutation]
 17965 | Snake:1  | Lost mutation: You are partially covered in iridescent
                  | scales. (AC +2) [potion of mutation]
 17965 | Snake:1  | Gained mutation: Your muscles are strong. (Str +2) [potion
                  | of mutation]
 17965 | Snake:1  | Gained mutation: You have a pair of small horns on your
                  | head. [potion of mutation]
 18063 | Snake:2  | Noticed a nagaraja
 18065 | Snake:2  | Noticed Saint Roka
 18088 | Snake:2  | Killed a nagaraja
 18555 | Snake:2  | Noticed Kirke
 18557 | Snake:2  | Noticed Jorgrun
 18582 | Snake:2  | Killed Kirke
 18603 | Snake:2  | Killed Jorgrun
 19543 | Snake:2  | Killed Saint Roka
 19902 | Snake:3  | Got a twisted war axe
 19903 | Snake:3  | Identified the +5 war axe "Agomeaxziu" {antimagic, rElec
                  | Int+3} (You found it on level 3 of the Snake Pit)
 19927 | Snake:3  | Got a warped bronze ring
 19929 | Snake:3  | Identified the ring of Fyqez {Wiz rElec rC+} (You found it
                  | on level 3 of the Snake Pit)
 19934 | Snake:3  | Learned a level 3 spell: Spectral Weapon
 19938 | Snake:3  | Learned a level 3 spell: Mephitic Cloud
 19968 | Snake:3  | Reached skill level 10 in Armour
 20436 | Snake:3  | Noticed a nagaraja
 20447 | Snake:3  | Killed a nagaraja
 20470 | Snake:3  | Reached skill level 10 in Invocations
 20470 | Snake:3  | Reached XP level 16. HP: 100/100 MP: 10/23
 21104 | Snake:4  | Entered Level 4 of the Snake Pit
 21440 | Snake:4  | Noticed a nagaraja
 21456 | Snake:4  | Killed a nagaraja
 21544 | Snake:4  | Noticed a nagaraja
 21559 | Snake:4  | Reached skill level 15 in Axes
 21561 | Snake:4  | Killed a nagaraja
 21572 | Snake:4  | Noticed a nagaraja
 21576 | Snake:4  | Noticed a nagaraja
 21817 | Snake:4  | Found a runed translucent gate.
 21819 | Snake:4  | Found a runed translucent gate.
 21829 | Snake:4  | Found a runed translucent gate.
 21838 | Snake:4  | Identified a scroll of acquirement
 21847 | Snake:4  | Noticed dengdeng's ghost (adept MiBe)
 21892 | Snake:4  | Killed dengdeng's ghost
 21933 | Snake:4  | Killed a nagaraja
 21985 | Snake:4  | Reached skill level 12 in Fighting
 22003 | Snake:4  | Noticed a nagaraja
 22022 | Snake:4  | Killed a nagaraja
 22071 | Snake:4  | Killed a nagaraja
 22145 | Snake:4  | Noticed a nagaraja
 22174 | Snake:4  | Killed a nagaraja
 22337 | Snake:4  | Noticed a nagaraja
 22359 | Snake:4  | Killed a nagaraja
 22508 | Snake:4  | Noticed a nagaraja
 22525 | Snake:4  | Killed a nagaraja
 22525 | Snake:4  | Reached XP level 17. HP: 88/107 MP: 11/25
 22890 | Snake:4  | Got a serpentine rune of Zot
 22933 | Snake:4  | Lost mutation: You have a pair of small horns on your head.
                  | [potion of mutation]
 22933 | Snake:4  | Lost mutation: Your muscles are strong. (Str +2) [potion of
                  | mutation]
 22933 | Snake:4  | Gained mutation: You have sharp toenails. [potion of
                  | mutation]
 22933 | Snake:4  | Gained mutation: You are weak. (Str -2) [potion of
                  | mutation]
 22933 | Snake:4  | Gained mutation: You have supernaturally acute eyesight.
                  | (SInv) [potion of mutation]
 22933 | Snake:4  | Gained mutation: You are somewhat resistant to further
                  | mutation. [potion of mutation]
 23049 | Shoals:1 | Entered Level 1 of the Shoals
 23527 | Shoals:1 | Noticed Nikola
 23552 | Shoals:1 | Killed Nikola
 24540 | Shoals:2 | Reached skill level 15 in Shields
 24691 | Shoals:2 | Reached skill level 13 in Fighting
 25045 | Shoals:3 | Reached XP level 18. HP: 105/114 MP: 12/27
 25544 | Shoals:4 | Entered Level 4 of the Shoals
 26158 | Shoals:4 | Noticed Polyphemus
 26175 | Shoals:4 | Killed Polyphemus
 27033 | Shoals:4 | Got a barnacled rune of Zot
 27433 | D:12     | Found a staircase to the Orcish Mines.
 27516 | D:12     | Found a roughly hewn altar of Beogh.
 28109 | D:12     | You are sucked into a shaft for 2 floors!
 28815 | D:13     | Reached XP level 19. HP: 115/120 MP: 29/29
 29080 | D:13     | Reached skill level 14 in Fighting
 29091 | D:13     | Found a gate to the Vaults.
 29255 | Orc:1    | Entered Level 1 of the Orcish Mines
 29307 | Orc:2    | Entered Level 2 of the Orcish Mines
 29307 | Orc:2    | Found Lusotz's Armour Shoppe.
 29356 | Orc:2    | Found Tiulo's Magic Scroll Emporium.
 29356 | Orc:2    | Found a staircase to the Elven Halls.
 29369 | Orc:2    | Found Ulodit's Assorted Antiques.
 29384 | Orc:2    | Paralysed by an orc sorcerer for 4 turns
 29443 | Orc:2    | Found a roughly hewn altar of Beogh.
 29451 | Orc:2    | Found Qenniho's Antique Armour Emporium.
 30028 | Orc:2    | Found Sysmaclu's Book Emporium.
 30033 | Orc:2    | Found Rouguq's Antique Weapon Emporium.
 30040 | Orc:2    | Found Oduiron's General Store.
 30240 | Orc:2    | Found Sunischo's Gadget Emporium.
 30625 | Orc:1    | Noticed Snorg
 30631 | Orc:1    | Found Ekutulok's Jewellery Boutique.
 30635 | Orc:1    | Killed Snorg
 30673 | Orc:1    | Noticed Erica
 30689 | Orc:1    | Killed Erica
 30857 | Orc:2    | Bought a scroll of enchant weapon for 82 gold pieces
 30857 | Orc:2    | Bought a scroll of identify for 22 gold pieces
 30857 | Orc:2    | Bought a scroll of identify for 22 gold pieces
 30857 | Orc:2    | Bought a scroll of magic mapping for 38 gold pieces
 30857 | Orc:2    | Bought a scroll of identify for 22 gold pieces
 30857 | Orc:2    | Bought a scroll of identify for 22 gold pieces
 30890 | Orc:2    | Bought a pair of glowing gloves for 255 gold pieces
 30941 | Elf:1    | Entered Level 1 of the Elven Halls
 31387 | Elf:1    | Found a deep blue altar of Sif Muna.
 32007 | Elf:1    | Identified the Handbook of Creative Conjuration
 32075 | Elf:1    | Found a portal to a secret trove of treasure.
 32147 | Elf:2    | Found a runed translucent gate.
 32147 | Elf:2    | Found a runed translucent gate.
 32147 | Elf:2    | Found a runed translucent gate.
 32726 | Elf:2    | Found a runed translucent gate.
 32726 | Elf:2    | Found a runed translucent gate.
 32727 | Elf:2    | Found a runed translucent gate.
 32727 | Elf:2    | Noticed grocchini's ghost (adept VSFi)
 32734 | Elf:2    | Cast into level 4 of the Abyss (grocchini's ghost)
 32754 | Abyss:4  | Reached XP level 20. HP: 128/128 MP: 30/30
 33109 | Abyss:4  | Got an abyssal rune of Zot
 33122 | Elf:2    | Escaped the Abyss
 33405 | Elf:2    | Killed grocchini's ghost
 33657 | Elf:2    | Reached skill level 15 in Fighting
 33830 | Elf:2    | Reached skill level 15 in Invocations
 34074 | Orc:1    | Bought a +2 ring of dexterity for 97 gold pieces
 34074 | Orc:1    | Bought an uncursed ring of positive energy for 260 gold
                  | pieces
 34074 | Orc:1    | Bought an uncursed ring of protection from cold for 325
                  | gold pieces
 34074 | Orc:1    | Bought an uncursed ring of magical power for 260 gold
                  | pieces
 34074 | Orc:1    | Bought an uncursed ring of ice for 325 gold pieces
 34148 | Elf:3    | Entered Level 3 of the Elven Halls
 34283 | Elf:3    | Found Zastrai's Weapon Emporium.
 34568 | Elf:3    | Cast into level 3 of the Abyss (a deep elf sorcerer)
 34736 | Abyss:3  | Noticed a profane servitor
 34760 | Abyss:3  | Killed a profane servitor
 34767 | Abyss:3  | Identified the Compendium of Dusty Air
 35005 | Elf:3    | Escaped the Abyss
 35387 | Elf:3    | Identified the +9 war axe of Doom {speed, SInv Stlth+}
 35418 | Elf:3    | Identified the ring of the Yeti {rPois Int-4 Dex+3}
 35420 | Elf:3    | Reached XP level 21. HP: 29/136 MP: 32/32
 35847 | Elf:3    | Identified the cursed +0 leather armour of the Beginning
                  | {rF+++ Dex-3}
 36013 | Elf:3    | Identified the Almanac of Aerial Evil Rituals
 36050 | Elf:3    | Reached skill level 16 in Fighting
 36399 | Elf:3    | Identified the +1 ring mail of Temperance {rCorr Int+5
                  | Slay-2} (You found it on level 3 of the Elven Halls)
 36413 | Elf:3    | Lost mutation: You are weak. (Str -2) [potion of mutation]
 36413 | Elf:3    | Lost mutation: You are somewhat resistant to further
                  | mutation. [potion of mutation]
 36413 | Elf:3    | Lost mutation: You have sharp toenails. [potion of
                  | mutation]
 36413 | Elf:3    | Lost mutation: You have supernaturally acute eyesight.
                  | (SInv) [potion of mutation]
 36413 | Elf:3    | Gained mutation: Your muscles are strong. (Str +2) [potion
                  | of mutation]
 36413 | Elf:3    | Gained mutation: You are partially covered in yellow
                  | scales. (AC +2) [potion of mutation]
 36470 | Elf:3    | Learned a level 5 spell: Aura of Abjuration
 36756 | D:12     | Noticed Nessos
 36762 | D:12     | Killed Nessos
 36959 | Vaults:1 | Entered Level 1 of the Vaults
 37432 | Vaults:1 | Reached skill level 1 in Necromancy
 37433 | Vaults:1 | Reached skill level 1 in Charms
 37634 | Vaults:1 | Reached skill level 1 in Spellcasting
 38554 | Vaults:2 | Noticed Aizul
 38567 | Vaults:2 | Killed Aizul
 38971 | Vaults:2 | Noticed Mennas
 38983 | Vaults:2 | Killed Mennas
 39181 | Vaults:2 | Found a staircase to the Crypt.
 39223 | Crypt:1  | Entered Level 1 of the Crypt
 39223 | Crypt:1  | Noticed Boris
 39231 | Crypt:1  | Killed Boris
 39267 | Crypt:1  | Reached XP level 22. HP: 115/144 MP: 34/34
 39946 | Crypt:2  | Reached skill level 17 in Fighting
 40169 | Crypt:2  | Noticed Boris
 40181 | Crypt:2  | Killed Boris
 40882 | Crypt:3  | Entered Level 3 of the Crypt
 41011 | Crypt:3  | Reached skill level 5 in Spellcasting
 41025 | Crypt:3  | Reached skill level 5 in Charms
 41218 | Crypt:3  | Noticed an ancient lich
 41232 | Crypt:3  | Killed an ancient lich
 41296 | Crypt:3  | Reached XP level 23. HP: 147/151 MP: 35/35
 41341 | Crypt:3  | Identified the ring "Gagerph" {rN+ Str+2 Int+3 Dex+4} (You
                  | found it on level 3 of the Crypt)
 41363 | Crypt:3  | Identified the cursed +0 troll leather armour "Siru Kent"
                  | {rN+ Regen+ Int+4} (You found it on level 3 of the Crypt)
 41709 | Crypt:3  | Reached skill level 5 in Necromancy
 41755 | Crypt:3  | Found a staircase to the Tomb.
 41803 | Crypt:3  | Noticed Frederick
 41810 | Crypt:3  | Killed Frederick
 42993 | Vaults:3 | Reached skill level 18 in Fighting
 44001 | Vaults:4 | Reached XP level 24. HP: 159/159 MP: 35/35
 45003 | Vaults:5 | Entered Level 5 of the Vaults
 45009 | Vaults:5 | Reached skill level 5 in Dodging
 45009 | Vaults:5 | Reached skill level 1 in Summonings
 45017 | Vaults:5 | Reached skill level 19 in Fighting
 45534 | Vaults:5 | Identified the +9 mace of Cemnaud {crush, Int+3}
 45578 | Vaults:5 | Found Ateematz's Gadget Shoppe.
 45809 | Vaults:5 | Reached XP level 25. HP: 166/166 MP: 35/35
 46068 | Vaults:5 | Noticed Jory
 46083 | Vaults:5 | Killed Jory
 46250 | Vaults:5 | Got a silver rune of Zot
 46271 | Vaults:5 | Identified the +1 hand axe "Danearat" {chop, rC++ Str+4
                  | Stlth-} (You found it on level 5 of the Vaults)
 46415 | Vaults:5 | Reached skill level 5 in Summonings
 46452 | Vaults:5 | Reached skill level 20 in Fighting
 47417 | D:14     | Found a white marble altar of Elyvilon.
 47418 | D:14     | Found a runed translucent door.
 47777 | D:15     | Entered Level 15 of the Dungeon
 47790 | D:15     | Reached skill level 1 in Hexes
 48117 | D:15     | Found a staircase to the Depths.
 48161 | Depths:1 | Entered Level 1 of the Depths
 48238 | Depths:1 | Found Arho's Elemental Accessories.
 48254 | Depths:1 | Found Biatythra's Antique Armour Emporium.
 48255 | Depths:1 | Noticed Mara
 48285 | Depths:1 | Killed Mara
 48344 | Depths:1 | Found Kudox's Gadget Boutique.
 48348 | Depths:1 | Found Lott's Weapon Shop.
 48354 | Depths:1 | Identified the +2 faerie dragon scales {+Fly rC++ rCorr
                  | Str-4 Int+4}
 48354 | Depths:1 | Noticed the Enchantress
 48367 | Depths:1 | Killed the Enchantress
 48376 | Depths:1 | Reached XP level 26. HP: 175/175 MP: 36/36
 48513 | Depths:1 | Found a gateway to Hell.
 48833 | Depths:2 | Found a gateway to a ziggurat.
 48973 | Depths:2 | Reached skill level 10 in Spellcasting
 49427 | Depths:2 | Identified the +3 leather armour of Ythriw {rN+ SInv
                  | Stlth+} (You found it on level 2 of the Depths)
 49729 | Depths:2 | Found a one-way gate leading to the halls of Pandemonium.
 50033 | Depths:3 | Identified the +2 chain mail of Proximity {rElec Int+6
                  | Dex-4} (You found it on level 3 of the Depths)
 50221 | Depths:3 | Identified the +4 ring mail of Uskayaw's Condemnation {MR-
                  | Int+2 Dex+4} (You found it on level 3 of the Depths)
 50466 | Depths:3 | Identified the +3 scale mail of Weirdness {+Fly rElec} (You
                  | found it on level 3 of the Depths)
 50500 | Depths:3 | Found a one-way gate to the infinite horrors of the Abyss.
 50664 | Depths:4 | Reached skill level 21 in Fighting
 50664 | Depths:4 | Paralysed by a floating eye for 2 turns
 50681 | Depths:4 | Paralysed by a floating eye for 4 turns
 51173 | Depths:4 | Reached skill level 5 in Hexes
 51224 | Depths:4 | Noticed a juggernaut
 51571 | Depths:4 | You are sucked into a shaft!
 51571 | Depths:5 | Entered Level 5 of the Depths
 51584 | Depths:5 | Reached XP level 27. HP: 182/182 MP: 37/37
 51666 | Depths:4 | Found a runed translucent door.
 51791 | Depths:4 | Identified the +4 hand axe of Terror {protect, +Blink} (You
                  | found it on level 4 of the Depths)
 51829 | Depths:4 | Found the -2 hat of the Alchemist {rElec rPois rF+ rC+ rN+
                  | MR+ rMut rCorr}
 51832 | Depths:4 | Noticed a juggernaut
 51907 | Depths:4 | Identified the cursed +0 flail of Fragile Peace {drain,
                  | rF++ Str+3} (You found it on level 4 of the Depths)
 51919 | Depths:4 | Killed a juggernaut
 51946 | Depths:4 | Killed a juggernaut
 51960 | Depths:4 | Identified the +2 robe of the Evening {rElec} (You found it
                  | on level 4 of the Depths)
 52023 | Depths:4 | Got a spiked cloak
 52029 | Depths:4 | Identified the +0 cloak "Asurafof" {*Drain rCorr Str+6
                  | Dex-4} (You found it on level 4 of the Depths)
 53237 | Depths:5 | Found a gate to the Realm of Zot.
 53363 | Depths:5 | Reached skill level 22 in Fighting
 53363 | Depths:5 | Reached skill level 1 in Conjurations
 53363 | Depths:5 | Reached skill level 1 in Poison Magic
 53363 | Depths:5 | Reached skill level 1 in Air Magic
 53516 | Depths:5 | Lost mutation: Your muscles are strong. (Str +2) [potion of
                  | mutation]
 53516 | Depths:5 | Lost mutation: You are partially covered in yellow scales.
                  | (AC +2) [potion of mutation]
 53516 | Depths:5 | Gained mutation: Your skin changes colour to match your
                  | surroundings (Stealth+). [potion of mutation]
 53516 | Depths:5 | Gained mutation: Your body sometimes deteriorates upon
                  | taking damage. [potion of mutation]
 53516 | Depths:5 | Lost mutation: Your body sometimes deteriorates upon taking
                  | damage. [potion of mutation]
 53516 | Depths:5 | Gained mutation: You are resistant to hostile enchantments.
                  | (MR+) [potion of mutation]
 53517 | Depths:5 | Lost mutation: Your skin changes colour to match your
                  | surroundings (Stealth+). [potion of mutation]
 53517 | Depths:5 | Lost mutation: You are resistant to hostile enchantments.
                  | (MR+) [potion of mutation]
 53517 | Depths:5 | Gained mutation: You are clumsy. (Dex -2) [potion of
                  | mutation]
 53517 | Depths:5 | Gained mutation: Your body sometimes deteriorates upon
                  | taking damage. [potion of mutation]
 53517 | Depths:5 | Gained mutation: You are robust. (+10% HP) [potion of
                  | mutation]
 53518 | Depths:5 | Lost mutation: Your body sometimes deteriorates upon taking
                  | damage. [potion of mutation]
 53518 | Depths:5 | Lost mutation: You are robust. (+10% HP) [potion of
                  | mutation]
 53518 | Depths:5 | Gained mutation: Your spells are a little easier to cast,
                  | but a little less powerful. [potion of mutation]
 53518 | Depths:5 | Gained mutation: Scrolls take you a little longer to read.
                  | [potion of mutation]
 53518 | Depths:5 | Gained mutation: You have large cloven feet. [potion of
                  | mutation]
 53519 | Depths:5 | Lost mutation: Scrolls take you a little longer to read.
                  | [potion of mutation]
 53519 | Depths:5 | Lost mutation: Your spells are a little easier to cast, but
                  | a little less powerful. [potion of mutation]
 53519 | Depths:5 | Lost mutation: You are clumsy. (Dex -2) [potion of
                  | mutation]
 53519 | Depths:5 | Lost mutation: You have large cloven feet. [potion of
                  | mutation]
 53519 | Depths:5 | Gained mutation: Scrolls take you a little longer to read.
                  | [potion of mutation]
 53519 | Depths:5 | Gained mutation: You are partially covered in slimy green
                  | scales. (AC +2) [potion of mutation]
 53520 | Depths:5 | Lost mutation: Scrolls take you a little longer to read.
                  | [potion of mutation]
 53520 | Depths:5 | Lost mutation: You are partially covered in slimy green
                  | scales. (AC +2) [potion of mutation]
 53520 | Depths:5 | Gained mutation: Armour fits poorly on your strangely
                  | shaped body. [potion of mutation]
 53520 | Depths:5 | Gained mutation: Your flesh is heat resistant. (rF+)
                  | [potion of mutation]
 54189 | Depths:5 | Found a shattered altar of Ashenzari.
 54329 | Hell     | Entered the Vestibule of Hell
 54329 | Hell     | Noticed Geryon
 54344 | Hell     | Killed Geryon
 54780 | Hell     | Found a gateway to the ashen valley of Gehenna.
 54786 | Geh:1    | Entered Level 1 of Gehenna
 55271 | Geh:1    | You are sucked into a shaft!
 55537 | Geh:3    | Reached skill level 10 in Summonings
 55881 | Geh:3    | Reached skill level 5 in Conjurations
 56156 | Geh:7    | Entered Level 7 of Gehenna
 56483 | Geh:7    | Reached skill level 5 in Poison Magic
 56528 | Geh:7    | Noticed the Serpent of Hell
 56822 | Geh:7    | HP: 5/186 [Brimstone Fiend/damnation (45)]
 56862 | Geh:7    | Learned a level 2 spell: Swiftness
 56868 | Geh:7    | Learned a level 5 spell: Summon Mana Viper
 56973 | Geh:7    | Killed the Serpent of Hell
 56973 | Geh:7    | Reached skill level 23 in Fighting
 57496 | Geh:7    | Identified the +7 sceptre of Asmodeus
 57496 | Geh:7    | Noticed Asmodeus
 57532 | Geh:7    | Killed Asmodeus
 57553 | Geh:7    | Got an obsidian rune of Zot
 57560 | Geh:7    | Reached skill level 5 in Air Magic
 57731 | Hell     | Found a gateway to the Iron City of Dis.
 57773 | Hell     | Found a gateway to the decaying netherworld of Tartarus.
 57781 | Tar:1    | Entered Level 1 of Tartarus
 58992 | Tar:5    | Reached skill level 24 in Fighting
 59181 | Tar:5    | You are sucked into a shaft!
 59225 | Tar:7    | Entered Level 7 of Tartarus
 59384 | Tar:7    | Got a dazzling plate armour
 59395 | Tar:7    | Identified the +8 plate armour of Dishonour {rN+} (You
                  | found it on level 7 of Tartarus)
 59616 | Tar:7    | Reached skill level 15 in Armour
 59880 | Tar:7    | Identified Coaromp's Almanac of Excruciating Ice
 59927 | Tar:7    | Noticed Ereshkigal
 59952 | Tar:7    | Killed Ereshkigal
 60000 | Tar:7    | Got a bone rune of Zot
 60760 | Hell     | Found a gateway to the freezing wastes of Cocytus.
 60773 | Coc:1    | Entered Level 1 of Cocytus
 60906 | Coc:3    | Reached skill level 25 in Fighting
 61081 | Coc:3    | You are sucked into a shaft for 3 floors!
 61404 | Coc:7    | Entered Level 7 of Cocytus
 61770 | Coc:7    | Reached skill level 15 in Spellcasting
 62848 | Coc:7    | Noticed Antaeus
 62858 | Coc:7    | Killed Antaeus
 62874 | Coc:7    | Got an icy rune of Zot
 63015 | Coc:7    | Learned a level 2 spell: Blink
 63190 | Dis:1    | Entered Level 1 of the Iron City of Dis
 63403 | Dis:3    | Reached skill level 26 in Fighting
 64755 | Dis:7    | Entered Level 7 of the Iron City of Dis
 65164 | Dis:7    | Reached skill level 27 in Fighting
 65775 | Dis:7    | Reached skill level 1 in Translocations
 65807 | Dis:7    | Identified the +4 staff of Dispater
 65807 | Dis:7    | Identified the ring "Butuchetemn" {rF+ rC++}
 65807 | Dis:7    | Noticed Dispater
 65871 | Dis:7    | Killed Dispater
 65914 | Dis:7    | Killed from afar by a Brimstone Fiend

Skill      XL: |  1  2  3  4  5  6  7  8  9 10 11 12 13 14 15 16 17 18 19 20 21 22 23 24 25 26 27 |
---------------+----------------------------------------------------------------------------------+-----
Maces & Flails | 3 4 |  4.4
Fighting       | 4 5 6 7 8 9 10 11 12 13 14 15 16 17 18 19 20 21 27 | 27.0
Shields        | 4 5 6 7 8 9 10 11 12 13 14 15 16 17 18 19 20 21 22 23 25 | 25.0
Stealth        | 1 3 5 6 8 9 10 11 | 11.3
Armour         | 4 5 6 7 8 9 10 11 12 13 16 | 16.4
Dodging        | 1 2 3 4 5 6 8 |  8.9
Axes           | 1 3 5 7 9 10 11 12 13 14 15 16 17 | 17.8
Evocations     | 1 2 3 |  3.9
Invocations    | 3 6 8 10 11 12 13 14 15 16 17 18 22 | 22.8
Necromancy     | 2 4 5 6 |  6.3
Charms         | 3 5 6 7 |  7.3
Spellcasting   | 3 5 7 8 9 10 16 | 16.3
Summonings     | 3 6 7 14 | 14.4
Hexes          | 2 5 6 |  6.7
Conjurations   | 7 |  7.2
Poison Magic   | 6 |  6.2
Air Magic      | 5 |  5.0
Translocations | 1 |  1.9

Action                   |  1- 3 |  4- 6 |  7- 9 | 10-12 | 13-15 | 16-18 | 19-21 | 22-24 | 25-27 || total
-------------------------+-------+-------+-------+-------+-------+-------+-------+-------+-------++-------
Melee: Flail             |   160 |   227 |       |       |       |       |       |       |       ||   387
       War axe           |       |    42 |   257 |   548 |   231 |   879 |   341 |  1065 |  4125 ||  7488
       Broad axe         |       |       |       |       |   680 |   391 |   904 |       |    79 ||  2054
       Headbutt          |       |       |       |       |    62 |    92 |       |       |       ||   154
       Demon whip        |       |       |       |       |       |       |       |       |     5 ||     5
 Cast: Regeneration      |       |       |       |       |       |       |       |     2 |    50 ||    52
       Aura of Abjuratio |       |       |       |       |       |       |       |       |    10 ||    10
       Spectral Weapon   |       |       |       |       |       |       |       |       |     4 ||     4
       Summon Mana Viper |       |       |       |       |       |       |       |       |     1 ||     1
Invok: Line Pass         |       |       |       |       |       |     1 |     1 |       |       ||     2
       Grand Finale      |       |       |       |       |       |       |       |       |     3 ||     3
 Abil: Evoke Berserk Rag |       |       |     1 |    10 |     7 |     2 |       |       |     3 ||    23
       Fly               |       |       |       |       |     1 |       |       |       |       ||     1
Evoke: Wand              |       |       |       |     1 |       |     4 |     6 |       |     3 ||    14
  Use: Scroll            |     2 |     1 |     6 |     9 |    17 |    13 |    14 |     9 |    30 ||   101
       Potion            |       |     1 |       |       |     4 |     1 |    10 |     2 |    14 ||    32
 Stab: Paralysed         |       |       |    11 |    54 |   102 |   156 |   193 |   177 |   577 ||  1270
       Invisible         |       |       |       |       |     2 |       |       |       |       ||     2
       Confused          |       |       |       |       |       |     1 |       |       |       ||     1
       Petrified         |       |       |       |       |       |     7 |       |       |       ||     7
       Sleeping          |       |       |       |       |       |       |       |    20 |    10 ||    30
       Distracted        |       |       |       |       |       |       |       |     2 |     5 ||     7
  Eat: Chunk             |       |     2 |     9 |    18 |    11 |    14 |    11 |     6 |     8 ||    79
       Ration            |       |     2 |       |     4 |     7 |     5 |     7 |     6 |    20 ||    51
Armor: Scale mail        |   106 |   211 |    87 |       |       |       |       |       |       ||   404
       Chain mail        |       |       |    23 |     6 |       |       |       |       |   475 ||   504
       Plate armour      |       |       |       |   313 |   422 |   682 |   411 |   105 |   357 ||  2290
       Troll leather arm |       |       |       |       |       |       |       |    68 |    94 ||   162
       Ice dragon scales |       |       |       |       |       |       |       |       |    89 ||    89
Dodge: Dodged            |    68 |   135 |    76 |   135 |   124 |   223 |   169 |    95 |   627 ||  1652
Block: Shield            |    94 |   167 |   163 |   224 |       |       |       |       |       ||   648
       Large shield      |       |       |       |   165 |   805 |  1502 |  1136 |   614 |  3345 ||  7567
       Reflection        |       |       |       |       |       |   122 |   112 |       |       ||   234
